 Dungeon Crawl Stone Soup version 0.17.0-28-g6e173f8 (webtiles) character file.

124 rgaf the Bolt Thrower (level 5, -1/60 HPs)
             Began as a Formicid Arcane Marksman on Dec 1, 2015.
             Succumbed to an orc wizard's poison
             ... on level 3 of the Dungeon.
             The game lasted 00:06:02 (2430 turns).

rgaf the Bolt Thrower (Formicid Arcane Marksman)    Turns: 2430, Time: 00:06:02

Health: -1/60      AC: 22    Str: 22    XL:     5   Next: 30%
Magic:  6/6        EV:  2    Int: 12    God:
Gold:   130        SH:  0    Dex: 15    Spells: 1 memorised, 5 levels left

rFire  . . .     SeeInvis .     D - +0 great mace
rCold  . . .     Clarity  .     (armour currently unavailable)
rNeg   + + +     SustAt   .     (no shield)
rPois  +         Gourm    .     (helmet unavailable)
rElec  .         Spirit   .     (cloak currently unavailable)
rCorr  .         Warding  .     (gloves currently unavailable)
rMut   .         Stasis   +     (boots currently unavailable)
MR     .....                    (no amulet)
Stlth  ++........               (no ring)
                                (no ring)

@: mighty, agile, lethally poisoned (-1 -> -11), tree-form (expiring), very
slightly contaminated, not resistant to hostile enchantments, unstealthy
A: permanent stasis, dig shafts and tunnels, four strong arms, (antennae 0)
a: no special abilities


You were on level 3 of the Dungeon.
You were hungry.
You were a tree.
You visited 1 branch of the dungeon, and saw 3 of its levels.

You collected 130 gold pieces.

Inventory:

Hand Weapons
 a - a +0 hand crossbow
 b - a +0 short sword
 D - a +0 great mace (weapon)
Missiles
 d - 20 bolts
Armour
 g - a +0 robe
 i - a +0 ring mail
 p - a +0 chain mail (melded)
 y - a +0 cloak (melded)
 C - a +3 ring mail of cold resistance
Jewellery
 z - a +5 ring of strength {unknown}
Scrolls
 f - a scroll of enchant armour {unknown}
 h - a scroll of immolation {unknown}
 j - 2 scrolls of blinking {unknown}
 l - a scroll of fog {unknown}
 t - a scroll of enchant weapon {unknown}
 u - a scroll of identify {unknown}
 x - 2 scrolls of noise {unknown}
 A - a scroll of fear {unknown}
Potions
 q - a potion of lignification
 v - a potion of magic
Books
 c - a book of Debilitation

   Spells                             Type                      Level
   a - Corona                         Hexes                        1
   b - Slow                           Hexes                        2
   c - Gell's Gravitas                Hexes/Translocation          3
   d - Inner Flame                    Hexes/Fire                   3
   e - Cause Fear                     Hexes                        4
   f - Leda's Liquefaction            Hexes/Earth                  4
Comestibles
 e - 2 bread rations
 o - a slice of pizza


   Skills:
 + Level 2.8 Fighting
 * Level 4.4 Crossbows
 - Level 1.7 Dodging
 - Level 1.1 Spellcasting
 - Level 3.6 Hexes


You had 5 spell levels left.
You knew the following spells:

 Your Spells              Type           Power        Failure   Level  Hunger
a - Corona                Hex            #......      10%         1    ##.....


Dungeon Overview and Level Annotations

Branches:
Dungeon (3/15)

Altars:
Ashenzari
Cheibriados
Sif Muna
Vehumet
Zin
The Shining One


Innate Abilities, Weirdness & Mutations

You are under a permanent stasis effect.
You can dig through walls and to a lower floor.
Your four strong arms can wield two-handed weapons with a shield.
((You have a pair of large antennae on your head (SInv).))


Message History

* * * LOW HITPOINT WARNING * * *
You feel very sick. The orc wizard barely misses you.
You miss the orc wizard.
The orc wizard is almost dead.
You flicker back into view.
* * * LOW HITPOINT WARNING * * *
You feel sick. The orc wizard casts a spell at you. The magic dart hits you!
* * * LOW HITPOINT WARNING * * *
The orc wizard hits you but does no damage.
Press: ? - help, v - describe, . - travel, g - get item
Here: an orc wizard, wielding a dagger of venom and wearing a robe (almost dead)
A bat corpse.
The floor.
You sock the orc wizard!
You kill the orc wizard!
You have reached level 5!
You die...

#........_......
#......_......#
#.............#
#........8.._.#.#
###########....)........#.#
#........##......_........#
##........+..####..._......#
..........########.....#...##
..........o)♣........#.#...##
...........#######..<#...#.##
...........# #####...#.##
...........# #.......#.##
...........+ #.####..#.##
...........# #.......#.##
...........# #######...##
...........# #.....
............ #..>..


You could see an orc.

Vanquished Creatures
  An orc wizard (D:3)
  Terence (D:2)
  An adder (D:2)
  2 giant geckos (D:1)
  3 orcs (D:3)
  8 goblins
  9 hobgoblins
  3 jackals (D:1)
  A quokka (D:2)
  A ball python (D:2)
  11 bats
  3 giant cockroaches
  6 kobolds
  6 rats
56 creatures vanquished.

Notes
Turn   | Place    | Note
--------------------------------------------------------------
     0 | D:1      | rgaf the Formicid Arcane Marksman began the quest for the Orb.
     0 | D:1      | Reached XP level 1. HP: 15/15 MP: 2/2
   168 | D:1      | Reached XP level 2. HP: 9/21 MP: 3/3
  1008 | D:1      | Reached XP level 3. HP: 23/27 MP: 4/4
  1691 | D:2      | Reached XP level 4. HP: 31/33 MP: 5/5
  2248 | D:3      | Noticed Terence
  2249 | D:3      | Found a snail-covered altar of Cheibriados.
  2301 | D:2      | Killed Terence
  2301 | D:2      | Reached skill level 4 in Crossbows
  2337 | D:3      | Found a shattered altar of Ashenzari.
  2340 | D:3      | Found a radiant altar of Vehumet.
  2342 | D:3      | Found a deep blue altar of Sif Muna.
  2342 | D:3      | Found a glowing silver altar of Zin.
  2343 | D:3      | Found a glowing golden altar of the Shining One.
  2425 | D:3      | Gained mutation: You are frail (-10% HP). [potion of mutation]
  2425 | D:3      | Gained mutation: You are weak. (Str -2) [potion of mutation]
  2425 | D:3      | Gained mutation: Armour fits poorly on your strangely shaped body. [potion of mutation]
  2426 | D:3      | Lost mutation: Armour fits poorly on your strangely shaped body. [potion of cure mutation]
  2426 | D:3      | Lost mutation: You are weak. (Str -2) [potion of cure mutation]
  2426 | D:3      | Lost mutation: You are frail (-10% HP). [potion of cure mutation]
  2429 | D:3      | HP: 1/51 [orc wizard/magic dart (3)]
  2430 | D:3      | Reached XP level 5. HP: 1/40 MP: 6/6
  2430 | D:3      | Succumbed to an orc wizard's poison

Action                   |  1- 3 |  4- 6 || total
-------------------------+-------+-------++-------
Melee: Short sword       |   186 |   114 ||   300
       Great mace        |       |    28 ||    28
 Fire: Hand crossbow     |     6 |       ||     6
  Use: Potion            |       |    10 ||    10
  Eat: Chunk             |     3 |     2 ||     5
